 Dungeon Crawl Stone Soup version 0.26.0-20-g3ca415f5b8 (webtiles) character file.

Game seed: 14157583366031693479

66 dolemite99 the Stinger (level 3, -2/24 HPs)
             Began as a Demonspawn Venom Mage on Jan 26, 2021.
             Slain by a gnoll (7 damage)
             ... on level 3 of the Dungeon.
             The game lasted 00:03:46 (3259 turns).

dolemite99 the Stinger (Demonspawn Venom Mage)      Turns: 3259, Time: 00:03:47

Health: -2/24      AC:  3    Str:  7 (8)  XL:     3   Next: 96%
Magic:  5/6        EV: 12    Int: 15 (17) God:
Gold:   118        SH:  0    Dex: 11 (13) Spells: 3/6 levels left

rFire    . . .     SeeInvis .   g - +1 dagger
rCold    . . .     Faith    .   (no shield)
rNeg     . . .     Spirit   .   a - +0 robe
rPois    .         Reflect  .   (no helmet)
rElec    .         Harm     .   (no cloak)
rCorr    .         Rampage  .   d - +0 pair of gloves
Will     .....                  (no boots)
Stlth    ++........             n - amulet of the acrobat
HPRegen  0.08/turn              (no ring)
MPRegen  0.10/turn              (no ring)

@: no status effects
A: spiny 1
a: no special abilities


You were on level 3 of the Dungeon.
You visited 1 branch of the dungeon, and saw 3 of its levels.

You collected 118 gold pieces.

Inventory:

Hand Weapons
 g - a +1 dagger (weapon)
 q - a +2 vampiric whip
Missiles
 f - 114 stones
 i - 48 sling bullets
 t - 32 arrows
Armour
 a - a +0 robe (worn)
 d - a +0 pair of gloves (worn)
 w - a +0 scale mail
Jewellery
 l - an uncursed ring of fire {unknown}
 n - an amulet of the acrobat (around neck)
Scrolls
 b - a scroll of immolation {unknown}
 e - 3 scrolls of identify {@r1}
 j - a scroll of magic mapping {unknown}
 k - 2 scrolls of random uselessness
 m - a scroll of amnesia {unknown}
 o - 2 scrolls of enchant weapon
 p - a scroll of enchant armour {unknown}
 u - a scroll of fog {unknown}
 v - a scroll of teleportation {unknown}
 x - a scroll of remove curse {unknown}
Potions
 c - a potion of resistance {unknown}
 h - a potion of degeneration
 r - a potion of heal wounds {unknown}
 s - a potion of brilliance {unknown}


   Skills:
 - Level 1.7 Dodging
 - Level 1.7 Stealth
 - Level 2.0 Spellcasting
 - Level 1.4 Transmutations
 + Level 0.8 Air Magic
 - Level 4.5 Poison Magic


You had 3 spell levels left.
You knew the following spells:

 Your Spells              Type           Power        Failure   Level
a - Sting                 Tmut/Pois      40%          7%          1
b - Poisonous Vapours     Pois/Air       18%          11%         2

Your spell library contained the following spells:

 Spells                   Type           Power        Failure   Level
 Ignite Poison            Fire/Tmut/Pois 7%           30%         3
 Mephitic Cloud           Conj/Pois/Air  6%           32%         3
 Olgreb's Toxic Radiance  Pois           15%          34%         4


Dungeon Overview and Level Annotations

Branches:
Dungeon (2/15)

Altars:
Wu Jian
Zin


Innate Abilities, Weirdness & Mutations

You are partially covered in sharp spines.


Message History

The gnoll hits you from afar with a +0 spear.
It was a potion of degeneration.
There was something very wrong with that liquid.
You feel weakened.
You feel dopey.
You feel clumsy. The orc closely misses you. x2
The gnoll hits you from afar with a +0 spear!
* * * LOW HITPOINT WARNING * * *
The gnoll is struck by your spines. The gnoll closely misses you.
The kobold is struck by your spines.
You kill the kobold!
The orc barely misses you.
As you read the scroll labelled POISOO OXOA, it crumbles to dust.
It is a scroll of identify.
k - 2 scrolls of random uselessness The orc is struck by your spines.
The orc closely misses you. The orc is struck by your spines.
The orc misses you.
The gnoll hits you from afar with a +0 spear.
* * * LOW HITPOINT WARNING * * *
The gnoll hits you!
You die...

....?...#
........#
........#
.......<#
........##
.....g.S.
......oo#
.....gg@#
......oo#
........#
#########


You could see 3 gnolls, an adder and 4 orcs.

Vanquished Creatures
  An adder (D:2)
  3 dart slugs
  2 leopard geckos (D:2)
  3 giant cockroaches (D:2)
  2 hobgoblins (D:2)
  2 jackals (D:2)
  A quokka (D:2)
  8 bats
  3 frilled lizards
  7 goblins
  8 kobolds
  11 rats
51 creatures vanquished.

Notes
Turn   | Place    | Note
-------+----------+-------------------------------------------
     0 | D:1      | dolemite99 the Demonspawn Venom Mage began the quest for
                  | the Orb.
     0 | D:1      | Reached XP level 1. HP: 13/13 MP: 3/3
   662 | D:1      | Gained mutation: You are partially covered in sharp spines.
                  | [demonic ancestry]
   662 | D:1      | Reached XP level 2. HP: 19/19 MP: 0/5
  1754 | D:2      | Reached skill level 4 in Poison Magic
  1860 | D:2      | Reached XP level 3. HP: 23/24 MP: 3/6
  2160 | D:2      | Reached skill level 1 in Transmutations
  2474 | D:2      | Learned a level 2 spell: Poisonous Vapours
  2481 | D:2      | Found a glowing silver altar of Zin.
  2685 | D:2      | Found an ornate altar of the Wu Jian Council.
  3255 | D:2      | You fall into a shaft and drop 1 floor!
  3259 | D:3      | Slain by a gnoll

Illustrated notes

Levels and vault maps discovered:
D:1:      lightli_arrival_chessboard, layout_rooms
D:2:      layout_loops_cross, nzn_wu_jian_council_hall,
          lemuel_coloured_pillars_altar
D:3:      layout_rooms, chequers_ecumenical_altar_simple_redux, fedhas_altar_4

Skill      XL: |  1  2  3 |
---------------+----------+-----
Poison Magic   | 4 |  4.5
Transmutations | 1 |  1.4
Dodging        | |  1.7
Stealth        | |  1.7
Spellcasting   | |  2.0
Air Magic      | |  0.8

Action                   || total
-------------------------++-------
Melee: Unarmed           ||     4
       Dagger            ||     9
 Cast: Sting             ||    75
  Use: Scroll            ||     2
       Potion            ||     1
Armor: Robe              ||    13
Dodge: Dodged            ||    76
